WCHLSIM.com - West Coast Hockey League
html PUBLIC "-//W3C//DTD XHTML 1.0 Transitional//EN" "http://www.w3.org/TR/xhtml1/DTD/xhtml1-transitional.dtd"> WCHL - Game 1206 - SAN JOSE BRONCOS vs VICTORIA GLADIATORS

SAN JOSE BRONCOS vs VICTORIA GLADIATORS

Created - 9 avril 2024 at 21:03

Goals
1 2 3 T
SAN JOSE BRONCOS 1 1 1 3
VICTORIA GLADIATORS 3 1 0 4
Shots
1 2 3 T
SAN JOSE BRONCOS 3 7 9 19
VICTORIA GLADIATORS 8 13 15 36

1st period

1. SAN JOSE BRONCOS , Oliver Bjorkstrand 12 (Jesper Bratt 22, Clayton Keller 41) at 0:19
2. VICTORIA GLADIATORS , Adam Lowry 19 (Ivan Provorov 37) at 4:55
3. VICTORIA GLADIATORS , Frank Vatrano 31 (Alex Iafallo 20) at 12:30
4. VICTORIA GLADIATORS , Frank Vatrano 32 (Justin Holl 11) at 18:10

Penalties :
Adam Pelech (SJO) for Hooking (Minor) at 0:30, Cole Smith (VIC) for Delaying the game (Minor) at 2:49, Jaxson Stauber (SJO) for Delaying the game (Minor) at 8:41 - Tyson Jost served the penalty.

2nd period

5. VICTORIA GLADIATORS , Brad Marchand 30 (Frank Vatrano 30) at 4:21 (PP)
6. SAN JOSE BRONCOS , Cole Caufield 12 (Adam Pelech 20, Brayden Point 32) at 14:44 (PP)

Penalties :
Justin Faulk (VIC) for Hooking (Minor) at 1:45, Carl Grundstrom (SJO) for Hooking (Minor) at 3:46, Adam Pelech (SJO) for Boarding (Minor) at 5:20, Ivan Provorov (VIC) for Goalie Interference (Minor) at 14:16

3rd period

7. SAN JOSE BRONCOS , Brayden Point 24 (Jesse Puljujarvi 6, Cole Caufield 12) at 8:49

Penalties :
Justin Holl (VIC) for Holding (Minor) at 6:45, Adam Pelech (SJO) for Slashing (Minor) at 10:38, Barclay Goodrow (VIC) for Roughing (Minor) at 14:35, Ville Ottavainen (SJO) for Roughing (Minor) at 17:57

Goalie Stats

Jaxson Stauber (SJO), 6 saves from 10 shots - (0,600), L, 5-20-2, 24:21 minutes
Garrett Metcalf (SJO), 26 saves from 26 shots - (1,000), 35:39 minutes
Jake Oettinger (VIC), 16 saves from 19 shots - (0,842), W, 40-22-3, 60:00 minutes

Players Stats for SAN JOSE BRONCOS

Player Name              G  A  P  +/- PIM S  H  SB GA TA FO     MP     PP MP  PK MP  
------------------------------------------------------------------------------------
Adam Pelech              0  1  1  -1  6   0  3  0  0  0  0/0    18:50   4:26   2:10 
Anthony Richard          0  0  0  -2  0   0  0  0  0  0  0/0     7:12   0:00   0:13 
Brayden Point            1  1  2  -1  0   6  0  0  0  0  9/18   14:10   3:14   0:00 
Brett Leason             0  0  0   1  0   1  0  0  0  0  0/0    11:30   0:00   0:21 
Carl Grundstrom          0  0  0   1  2   0  0  0  0  0  0/1    11:08   0:00   0:00 
Clayton Keller           0  1  1   1  0   0  0  1  0  0  6/24   22:27   5:10   5:12 
Cole Caufield            1  1  2  -1  0   2  1  0  0  0  1/1    19:12   3:14   5:05 
Ilya Usau                0  0  0  -2  0   0  0  0  0  0  4/6     6:59   0:00   0:00 
Jaccob Slavin            0  0  0   1  0   0  0  5  0  0  0/0    26:16   3:58   5:23 
Jake Walman              0  0  0  -1  0   2  1  3  0  0  0/0    21:44   4:26   6:06 
Jesper Bratt             0  1  1   1  0   2  0  0  0  0  0/1    22:19   5:10   5:04 
Jesse Puljujarvi         0  1  1  -1  0   0  1  0  0  0  2/2    14:07   3:14   0:00 
Jonathan Gruden          0  0  0  -2  0   0  0  0  0  0  0/0     6:59   0:00   0:00 
Neal Pionk               0  0  0   1  0   3  0  1  0  0  0/0    25:17   3:58   4:24 
Oliver Bjorkstrand       1  0  1   1  0   2  2  1  0  0  1/5    22:20   5:10   5:05 
Timothy Liljegren        0  0  0  -1  0   0  0  0  0  0  0/0    12:59   0:00   0:00 
Tyson Jost               0  0  0   1  0   1  0  1  0  0  8/12   11:06   0:00   0:00 
Ville Ottavainen         0  0  0  -1  2   0  2  0  0  0  0/0    14:50   0:00   2:57 

Players Stats for VICTORIA GLADIATORS

Player Name              G  A  P  +/- PIM S  H  SB GA TA FO     MP     PP MP  PK MP  
------------------------------------------------------------------------------------
Adam Lowry               1  0  1   3  0   4  3  0  0  0  13/21  18:29   5:09   0:12 
Alex Iafallo             0  1  1   3  0   1  0  0  0  0  1/2    20:28   5:09   2:11 
Barclay Goodrow          0  0  0   0  2   0  0  0  0  0  2/4    12:53   0:00   4:16 
Brad Marchand            1  0  1  -2  0   3  4  0  0  0  0/1    20:21   5:21   0:00 
Brandon Montour          0  0  0   0  0   0  4  0  0  0  0/0    19:24   0:00   5:02 
Brock McGinn             0  0  0   0  0   0  0  0  0  0  0/0     6:21   0:00   2:01 
Cole Smith               0  0  0   0  2   0  1  0  0  0  0/0     5:17   0:00   0:58 
David Pastrnak           0  0  0  -2  0   3  0  0  0  0  0/1    20:21   5:21   0:00 
Frank Vatrano            2  1  3   3  0   7  1  0  0  0  0/1    19:16   6:08   0:00 
Ivan Provorov            0  1  1  -1  2   1  1  1  0  0  0/0    23:48   6:08   0:49 
Jan Rutta                0  0  0   2  0   1  0  0  0  0  0/0    13:14   0:00   3:22 
Jason Zucker             0  0  0   0  0   1  2  0  0  0  0/2    13:44   5:09   0:00 
Justin Faulk             0  0  0  -1  2   1  6  0  0  0  0/0    21:13   4:22   0:00 
Justin Holl              0  1  1   2  2   0  0  1  0  0  0/0    16:43   4:22   2:33 
Mark Scheifele           0  0  0  -2  0   7  0  0  0  0  12/18  20:21   5:21   0:00 
Mason Appleton           0  0  0   0  0   1  0  0  0  0  1/4     6:08   0:00   1:45 
Noel Acciari             0  0  0   0  0   5  0  1  0  0  10/16  14:03   0:00   5:25 
Tyler Myers              0  0  0   0  0   1  2  0  0  0  0/0    19:27   0:00   5:02 

3 Stars

1 - Frank Vatrano (VIC)
2 - Adam Lowry (VIC)
3 - Oliver Bjorkstrand (SJO)

Power Play

SAN JOSE BRONCOS - 1 on 5 Attempt(s) - 20,00%
VICTORIA GLADIATORS - 1 on 6 Attempt(s) - 16,67%

Penalty Kill

SAN JOSE BRONCOS - 5 on 6 Attempt(s) - 83,33% - Score 0 goal in Penalty Kill
VICTORIA GLADIATORS - 4 on 5 Attempt(s) - 80,00% - Score 0 goal in Penalty Kill

Team Stat

SAN JOSE BRONCOS - Hits : 10 - Faceoff Wins : 31 - Blocked Shots : 12 - Penalty Minutes : 12
VICTORIA GLADIATORS - Hits : 24 - Faceoff Wins : 39 - Blocked Shots : 3 - Penalty Minutes : 10

Official

Referees : Ghislain Hebert and Wes McCauley
Linesman : Brent Colby and Scott Driscoll

Game Notes

Garrett Metcalf enters game at 4:21 of 2nd period

Finance

Level 1 -- Attendance: 4114 (65,30%) -- Ticket Income 802 230 $
Level 2 -- Attendance: 2809 (53,00%) -- Ticket Income 463 485 $
Level 3 -- Attendance: 1534 (69,73%) -- Ticket Income 184 080 $
Level 4 -- Attendance: 2783 (66,26%) -- Ticket Income 236 555 $
Luxury Box -- Attendance: 737 (73,70%) -- Ticket Income 239 525 $
Game was played at the Verizon Center.
Total Attendance: 11977 (63,04%)
Total Ticket Income: 1 925 875 $
Other Expense: 19 259 $
Total Income: 1 906 616 $

SAN JOSE BRONCOS

5 vs 5 Forward 
   Center                   Left Wing                Right Wing               Time % Phy DF OF 
 1 Clayton Keller           Jesper Bratt             Oliver Bjorkstrand       36     1   2  2  
 2 Brayden Point            Cole Caufield            Jesse Puljujarvi         31     1   2  2  
 3 Tyson Jost               Carl Grundstrom          Brett Leason             23     1   2  2  
 4 Ilya Usau                Jonathan Gruden          Anthony Richard          10     1   2  2  

5 vs 5 Defense 
   Defense                  Defense                                           Time % Phy DF OF 
 1 Jaccob Slavin            Neal Pionk                                        36     1   2  2  
 2 Adam Pelech              Jake Walman                                       31     1   2  2  
 3 Timothy Liljegren        Ville Ottavainen                                  23     1   2  2  
 4 Jaccob Slavin            Neal Pionk                                        10     1   2  2  

PowerPlay Forward 
   Center                   Left Wing                Right Wing               Time % Phy DF OF 
 1 Clayton Keller           Jesper Bratt             Oliver Bjorkstrand       55     1   2  2  
 2 Brayden Point            Cole Caufield            Jesse Puljujarvi         45     1   2  2  

PowerPlay Defense
   Defense                  Defense                                           Time % Phy DF OF 
 1 Jaccob Slavin            Neal Pionk                                        55     1   2  2  
 2 Adam Pelech              Jake Walman                                       45     1   2  2  

Penalty Kill 4 Players Forward 
   Center                   Wing                     Time % Phy DF OF 
 1 Clayton Keller           Jesper Bratt             55     1   2  2  
 2 Oliver Bjorkstrand       Cole Caufield            45     1   2  2  

Penalty Kill 4 Players Defense
   Defense                  Defense                  Time % Phy DF OF 
 1 Jaccob Slavin            Neal Pionk               55     1   2  2  
 2 Adam Pelech              Jake Walman              45     1   2  2  

Penalty Kill - 3 Players Forward 
   Forward                                           Time % Phy DF OF 
 1 Clayton Keller                                    55     1   2  2  
 2 Jesper Bratt                                      45     1   2  2  

Penalty Kill - 3 Players Defense
   Defense                  Defense                  Time % Phy DF OF 
 1 Jaccob Slavin            Neal Pionk               55     1   2  2  
 2 Adam Pelech              Jake Walman              45     1   2  2  

4 vs 4 Forward 
   Center                   Wing                     Time % Phy DF OF 
 1 Tyson Jost               Jesse Puljujarvi         55     1   2  2  
 2 Anthony Richard          Brett Leason             45     1   2  2  

4 vs 4 Defense
   Defense                  Defense                  Time % Phy DF OF 
 1 Jaccob Slavin            Neal Pionk               55     1   2  2  
 2 Adam Pelech              Jake Walman              45     1   2  2  

Last Minutes Offensive
   Center                   Left Wing                Right Wing               Defense                  Defense                  
   Brayden Point            Jesper Bratt             Clayton Keller           Jaccob Slavin            Neal Pionk               

Last Minutes Defensive
   Center                   Left Wing                Right Wing               Defense                  Defense                  
   Brayden Point            Jesper Bratt             Clayton Keller           Jaccob Slavin            Neal Pionk               

Goaltenders
Starting : Jaxson Stauber           
Backup : Garrett Metcalf          

Extra Forwards
Normal : Brayden Point, Carl Grundstrom, Brett Leason - PP : Brayden Point, Carl Grundstrom - PK : Brett Leason
Extra Defensemen
Normal : Timothy Liljegren, Ville Ottavainen, Adam Pelech - PP : Timothy Liljegren - PK : Ville Ottavainen, Adam Pelech
Penalty Shots
Clayton Keller, Jesper Bratt, Oliver Bjorkstrand, Cole Caufield, Tyson Jost
Custom OT Lines Forwards
Clayton Keller, Jesper Bratt, Brayden Point, Cole Caufield, Tyson Jost, Oliver Bjorkstrand, Carl Grundstrom, Brett Leason, Jonathan Gruden, Ilya Usau
Custom OT Lines Defensemen
Jaccob Slavin, Neal Pionk, Adam Pelech, Jake Walman, Timothy Liljegren

Scratches
Jake Bean (Broken Bone (Right Ankle) Injury)

VICTORIA GLADIATORS

5 vs 5 Forward 
   Center                   Left Wing                Right Wing               Time % Phy DF OF 
 1 Mark Scheifele           Brad Marchand            David Pastrnak           36     0   2  3  
 2 Adam Lowry               Alex Iafallo             Frank Vatrano            34     0   2  3  
 3 Noel Acciari             Jason Zucker             Barclay Goodrow          25     0   4  1  
 4 Mason Appleton           Cole Smith               Brock McGinn             5      0   4  1  

5 vs 5 Defense 
   Defense                  Defense                                           Time % Phy DF OF 
 1 Ivan Provorov            Justin Faulk                                      40     1   2  2  
 2 Brandon Montour          Tyler Myers                                       35     1   2  2  
 3 Justin Holl              Jan Rutta                                         25     0   4  1  
 4 Justin Holl              Justin Faulk                                      0      0   4  1  

PowerPlay Forward 
   Center                   Left Wing                Right Wing               Time % Phy DF OF 
 1 Mark Scheifele           Brad Marchand            David Pastrnak           60     1   0  4  
 2 Adam Lowry               Alex Iafallo             Jason Zucker             40     1   0  4  

PowerPlay Defense
   Defense                  Defense                                           Time % Phy DF OF 
 1 Ivan Provorov            Frank Vatrano                                     60     0   1  4  
 2 Justin Holl              Justin Faulk                                      40     0   1  4  

Penalty Kill 4 Players Forward 
   Center                   Wing                     Time % Phy DF OF 
 1 Noel Acciari             Barclay Goodrow          60     0   5  0  
 2 Mason Appleton           Cole Smith               40     0   5  0  

Penalty Kill 4 Players Defense
   Defense                  Defense                  Time % Phy DF OF 
 1 Brandon Montour          Tyler Myers              60     0   4  1  
 2 Justin Holl              Jan Rutta                40     0   4  1  

Penalty Kill - 3 Players Forward 
   Forward                                           Time % Phy DF OF 
 1 Noel Acciari                                      55     1   2  2  
 2 Barclay Goodrow                                   45     1   2  2  

Penalty Kill - 3 Players Defense
   Defense                  Defense                  Time % Phy DF OF 
 1 Brandon Montour          Tyler Myers              55     1   2  2  
 2 Ivan Provorov            Justin Faulk             45     1   2  2  

4 vs 4 Forward 
   Center                   Wing                     Time % Phy DF OF 
 1 Mark Scheifele           Brad Marchand            52     0   2  3  
 2 Adam Lowry               Alex Iafallo             48     0   2  3  

4 vs 4 Defense
   Defense                  Defense                  Time % Phy DF OF 
 1 Justin Holl              Jan Rutta                52     0   2  3  
 2 Ivan Provorov            Justin Faulk             48     0   2  3  

Last Minutes Offensive
   Center                   Left Wing                Right Wing               Defense                  Defense                  
   Mark Scheifele           Brad Marchand            David Pastrnak           Ivan Provorov            Justin Faulk             

Last Minutes Defensive
   Center                   Left Wing                Right Wing               Defense                  Defense                  
   Noel Acciari             Barclay Goodrow          Mason Appleton           Justin Holl              Tyler Myers              

Goaltenders
Starting : Jake Oettinger           
Backup : Charlie Lindgren         

Extra Forwards
Normal : Frank Vatrano, David Pastrnak, Alex Iafallo - PP : Noel Acciari, Barclay Goodrow - PK : Brock McGinn
Extra Defensemen
Normal : Justin Holl, Jan Rutta, Tyler Myers - PP : Brandon Montour - PK : Ivan Provorov, Tyler Myers
Penalty Shots
David Pastrnak, Mark Scheifele, Jason Zucker, Brad Marchand, Frank Vatrano
Custom OT Lines Forwards
David Pastrnak, Mark Scheifele, Brad Marchand, Frank Vatrano, Adam Lowry, Alex Iafallo, Jason Zucker, Barclay Goodrow, Noel Acciari, Mason Appleton
Custom OT Lines Defensemen
Brandon Montour, Justin Faulk, Ivan Provorov, Tyler Myers, Justin Holl

Scratches
Mikael Granlund (Healthy), Niko Mikkola (Healthy)

% Time on Ice - SAN JOSE BRONCOS

Lines # - Real PCT - Wanted PCT - Time Play
Normal Forward
1 - 29% - 36% - 12:05
2 - 27% - 31% - 10:53
3 - 27% - 23% - 11:06
4 - 17% - 10% - 6:59
Normal Defense
1 - 37% - 36% - 15:19
2 - 32% - 31% - 13:01
3 - 27% - 23% - 11:10
4 - 4% - 10% - 1:33
PP Forward
1 - 62% - 55% - 5:10
2 - 38% - 45% - 3:14
PP Defense
1 - 47% - 55% - 3:58
2 - 53% - 45% - 4:26
PK Forward
1 - 52% - 55% - 5:25
2 - 48% - 45% - 5:05
PK Defense
1 - 42% - 55% - 4:24
2 - 58% - 45% - 6:06
PK3 Forward
1 - 0% - 55%
2 - 0% - 45%
PK3 Defense
1 - 0% - 55%
2 - 0% - 45%
44 Forward
1 - 0% - 55%
2 - 0% - 45%
44 Defense
1 - 0% - 55%
2 - 0% - 45%
Last Minute Offensive  - 0:03
Last Minute Defensive  - 0:00
Total
Forward - 60:00
Defense - 60:00

% Time on Ice - VICTORIA GLADIATORS

Lines # - Real PCT - Wanted PCT - Time Play
Normal Forward
1 - 37% - 36% - 15:00
2 - 32% - 34% - 13:08
3 - 21% - 25% - 8:35
4 - 11% - 5% - 4:20
Normal Defense
1 - 41% - 40% - 16:52
2 - 35% - 35% - 14:22
3 - 24% - 25% - 9:49
4 - 0% - 0% - 0:00
PP Forward
1 - 51% - 60% - 5:21
2 - 49% - 40% - 5:09
PP Defense
1 - 58% - 60% - 6:08
2 - 42% - 40% - 4:22
PK Forward
1 - 79% - 60% - 6:39
2 - 21% - 40% - 1:45
PK Defense
1 - 60% - 60% - 5:02
2 - 40% - 40% - 3:22
PK3 Forward
1 - 0% - 55%
2 - 0% - 45%
PK3 Defense
1 - 0% - 55%
2 - 0% - 45%
44 Forward
1 - 0% - 52%
2 - 0% - 48%
44 Defense
1 - 0% - 52%
2 - 0% - 48%
Last Minute Offensive  - 0:00
Last Minute Defensive  - 0:03
Total
Forward - 60:00
Defense - 60:00

Play-by-Play

1st period


0:01 of 1st period - Mark Scheifele wins face-off versus Clayton Keller in neutral zone.
0:19 of 1st period - Shot by Oliver Bjorkstrand.
0:19 of 1st period - Goal by Oliver Bjorkstrand - SAN JOSE BRONCOS : 1 - VICTORIA GLADIATORS : 0.
0:20 of 1st period - Brayden Point wins face-off versus Adam Lowry in neutral zone.
0:28 of 1st period - Frank Vatrano is hit by Adam Pelech and loses puck.
0:30 of 1st period - Minor Penalty to Adam Pelech for Hooking.
0:31 of 1st period - Mark Scheifele wins face-off versus Jesper Bratt in SAN JOSE BRONCOS zone.
0:50 of 1st period - Shot by David Pastrnak.
0:50 of 1st period - Stopped by Jaxson Stauber without a rebound.
0:51 of 1st period - Oliver Bjorkstrand wins face-off versus Alex Iafallo in SAN JOSE BRONCOS zone.
1:38 of 1st period - Adam Lowry is hit by Cole Caufield and loses puck.
2:49 of 1st period - Minor Penalty to Cole Smith for Delaying the game.
2:50 of 1st period - Brayden Point wins face-off versus Noel Acciari in VICTORIA GLADIATORS zone.
3:23 of 1st period - Shot by Neal Pionk.
3:23 of 1st period - Stopped by Jake Oettinger without a rebound.
3:24 of 1st period - Clayton Keller wins face-off versus Noel Acciari in VICTORIA GLADIATORS zone.
3:25 of 1st period - Shot by Oliver Bjorkstrand.
3:25 of 1st period - Shot Misses the Net.
4:31 of 1st period - Tyler Myers is hit by Oliver Bjorkstrand and loses puck.
4:55 of 1st period - Shot by Adam Lowry.
4:55 of 1st period - Goal by Adam Lowry - SAN JOSE BRONCOS : 1 - VICTORIA GLADIATORS : 1.
4:56 of 1st period - Brayden Point wins face-off versus David Pastrnak in neutral zone.
5:10 of 1st period - Off-side.
5:11 of 1st period - Adam Lowry wins face-off versus Tyson Jost in neutral zone.
6:16 of 1st period - Shot by David Pastrnak.
6:16 of 1st period - Shot Misses the Net.
7:38 of 1st period - Off-side.
7:39 of 1st period - Alex Iafallo wins face-off versus Clayton Keller in neutral zone.
8:00 of 1st period - Alex Iafallo is hit by Adam Pelech and loses puck.
8:07 of 1st period - Shot by Brandon Montour.
8:07 of 1st period - Shot Blocked by Jake Walman.
8:09 of 1st period - Shot by Frank Vatrano.
8:09 of 1st period - Shot Misses the Net.
8:11 of 1st period - Shot by Frank Vatrano.
8:11 of 1st period - Shot Blocked by Clayton Keller.
8:13 of 1st period - Shot by Tyler Myers.
8:13 of 1st period - Stopped by Jaxson Stauber without a rebound.
8:14 of 1st period - Mark Scheifele wins face-off versus Tyson Jost in SAN JOSE BRONCOS zone.
8:41 of 1st period - Shot by Mark Scheifele.
8:41 of 1st period - Stopped by Jaxson Stauber without a rebound.
8:41 of 1st period - Minor Penalty to Jaxson Stauber for Delaying the game.
8:42 of 1st period - Adam Lowry wins face-off versus Clayton Keller in SAN JOSE BRONCOS zone.
8:50 of 1st period - Icing by Frank Vatrano.
8:51 of 1st period - Clayton Keller wins face-off versus Adam Lowry in VICTORIA GLADIATORS zone.
10:44 of 1st period - Timothy Liljegren is hit by Tyler Myers and loses puck.
12:17 of 1st period - Timothy Liljegren is hit by Adam Lowry and loses puck.
12:30 of 1st period - Shot by Frank Vatrano.
12:30 of 1st period - Goal by Frank Vatrano - SAN JOSE BRONCOS : 1 - VICTORIA GLADIATORS : 2.
12:31 of 1st period - Clayton Keller wins face-off versus Mark Scheifele in neutral zone.
12:41 of 1st period - Off-side.
12:42 of 1st period - Brayden Point wins face-off versus Adam Lowry in neutral zone.
13:19 of 1st period - Shot by Frank Vatrano.
13:19 of 1st period - Shot Misses the Net.
14:09 of 1st period - Shot by David Pastrnak.
14:09 of 1st period - Shot Misses the Net.
14:11 of 1st period - Shot by Mark Scheifele.
14:11 of 1st period - Shot Blocked by Jaccob Slavin.
14:33 of 1st period - Shot by Jason Zucker.
14:33 of 1st period - Deflect By Barclay Goodrow.
14:33 of 1st period - Shot Misses the Net.
15:21 of 1st period - Off-side.
15:22 of 1st period - Adam Lowry wins face-off versus Clayton Keller in neutral zone.
15:48 of 1st period - Jesper Bratt is hit by Frank Vatrano and loses puck.
17:20 of 1st period - Shot by Noel Acciari.
17:20 of 1st period - Stopped by Jaxson Stauber with a rebound.
17:22 of 1st period - Shot by Noel Acciari.
17:22 of 1st period - Shot Blocked by Tyson Jost.
17:34 of 1st period - Shot by Jason Zucker.
17:34 of 1st period - Deflect By Noel Acciari.
17:34 of 1st period - Stopped by Jaxson Stauber without a rebound.
17:35 of 1st period - Ilya Usau wins face-off versus Frank Vatrano in SAN JOSE BRONCOS zone.
18:10 of 1st period - Shot by Frank Vatrano.
18:10 of 1st period - Goal by Frank Vatrano - SAN JOSE BRONCOS : 1 - VICTORIA GLADIATORS : 3.
18:11 of 1st period - Mark Scheifele wins face-off versus Clayton Keller in neutral zone.
18:46 of 1st period - Icing by Ivan Provorov.
18:47 of 1st period - Mark Scheifele wins face-off versus Ilya Usau in VICTORIA GLADIATORS zone.
19:36 of 1st period - Shot by Oliver Bjorkstrand.
19:36 of 1st period - Stopped by Jake Oettinger without a rebound.
19:37 of 1st period - Adam Lowry wins face-off versus Carl Grundstrom in VICTORIA GLADIATORS zone.
19:43 of 1st period - Jaccob Slavin is hit by Brandon Montour and loses puck.
19:58 of 1st period - Shot by Carl Grundstrom.
19:58 of 1st period - Shot Misses the Net.
Goals for this period are 1 for SAN JOSE BRONCOS vs 3 for VICTORIA GLADIATORS.
Shots for this period are 3 for SAN JOSE BRONCOS vs 8 for VICTORIA GLADIATORS.

2nd period


0:01 of 2nd period - Noel Acciari wins face-off versus Clayton Keller in neutral zone.
0:04 of 2nd period - Shot by Ivan Provorov.
0:04 of 2nd period - Shot Misses the Net.
0:21 of 2nd period - Jesper Bratt is hit by Ivan Provorov and loses puck.
0:44 of 2nd period - Shot by Ivan Provorov.
0:44 of 2nd period - Stopped by Jaxson Stauber without a rebound.
0:45 of 2nd period - Tyson Jost wins face-off versus Adam Lowry in SAN JOSE BRONCOS zone.
0:45 of 2nd period - Tyson Jost is hit by Adam Lowry.
1:06 of 2nd period - Icing by Tyson Jost.
1:07 of 2nd period - Mark Scheifele wins face-off versus Tyson Jost in SAN JOSE BRONCOS zone.
1:27 of 2nd period - Icing by Tyson Jost.
1:28 of 2nd period - Tyson Jost wins face-off versus Adam Lowry in SAN JOSE BRONCOS zone.
1:28 of 2nd period - Tyson Jost is hit by Adam Lowry.
1:45 of 2nd period - Minor Penalty to Justin Faulk for Hooking.
1:46 of 2nd period - Noel Acciari wins face-off versus Clayton Keller in VICTORIA GLADIATORS zone.
2:19 of 2nd period - Shot by Clayton Keller.
2:19 of 2nd period - Shot Misses the Net.
2:21 of 2nd period - Shot by Jake Walman.
2:21 of 2nd period - Stopped by Jake Oettinger without a rebound.
2:22 of 2nd period - Noel Acciari wins face-off versus Brayden Point in VICTORIA GLADIATORS zone.
2:28 of 2nd period - Icing by Neal Pionk.
2:29 of 2nd period - Barclay Goodrow wins face-off versus Brayden Point in SAN JOSE BRONCOS zone.
2:34 of 2nd period - Shot by Noel Acciari.
2:34 of 2nd period - Shot Misses the Net.
2:40 of 2nd period - Shot by Brayden Point.
2:40 of 2nd period - Stopped by Jake Oettinger without a rebound.
2:41 of 2nd period - Noel Acciari wins face-off versus Clayton Keller in VICTORIA GLADIATORS zone.
2:59 of 2nd period - Icing by Jesper Bratt.
3:00 of 2nd period - Barclay Goodrow wins face-off versus Oliver Bjorkstrand in SAN JOSE BRONCOS zone.
3:46 of 2nd period - Minor Penalty to Carl Grundstrom for Hooking.
3:47 of 2nd period - Mark Scheifele wins face-off versus Clayton Keller in SAN JOSE BRONCOS zone.
4:21 of 2nd period - Shot by Brad Marchand.
4:21 of 2nd period - Goal by Brad Marchand - SAN JOSE BRONCOS : 1 - VICTORIA GLADIATORS : 4.
4:21 of 2nd period - Garrett Metcalf enters game.
4:22 of 2nd period - Jesse Puljujarvi wins face-off versus Jason Zucker in neutral zone.
4:44 of 2nd period - Icing by Brayden Point.
4:45 of 2nd period - Adam Lowry wins face-off versus Brayden Point in SAN JOSE BRONCOS zone.
5:02 of 2nd period - Shot by Cole Caufield.
5:02 of 2nd period - Deflect By Brayden Point.
5:02 of 2nd period - Shot Misses the Net.
5:08 of 2nd period - Shot by Alex Iafallo.
5:08 of 2nd period - Stopped by Garrett Metcalf without a rebound.
5:09 of 2nd period - Mark Scheifele wins face-off versus Oliver Bjorkstrand in SAN JOSE BRONCOS zone.
5:19 of 2nd period - David Pastrnak is hit by Adam Pelech and loses puck.
5:20 of 2nd period - Minor Penalty to Adam Pelech for Boarding.
5:21 of 2nd period - Mark Scheifele wins face-off versus Clayton Keller in SAN JOSE BRONCOS zone.
5:26 of 2nd period - Shot by David Pastrnak.
5:26 of 2nd period - Shot Misses the Net.
6:36 of 2nd period - Shot by Justin Faulk.
6:36 of 2nd period - Shot Blocked by Oliver Bjorkstrand.
6:38 of 2nd period - Shot by Justin Faulk.
6:38 of 2nd period - Stopped by Garrett Metcalf with a rebound.
6:48 of 2nd period - Shot by Adam Lowry.
6:48 of 2nd period - Stopped by Garrett Metcalf with a rebound.
7:38 of 2nd period - Shot by Mason Appleton.
7:38 of 2nd period - Stopped by Garrett Metcalf without a rebound.
7:39 of 2nd period - Ilya Usau wins face-off versus Noel Acciari in SAN JOSE BRONCOS zone.
8:48 of 2nd period - Icing by Adam Pelech.
8:49 of 2nd period - Tyson Jost wins face-off versus Adam Lowry in SAN JOSE BRONCOS zone.
10:16 of 2nd period - Shot by Brad Marchand.
10:16 of 2nd period - Stopped by Garrett Metcalf with a rebound.
10:18 of 2nd period - Shot by Mark Scheifele.
10:18 of 2nd period - Stopped by Garrett Metcalf with a rebound.
10:20 of 2nd period - Shot by Brad Marchand.
10:20 of 2nd period - Stopped by Garrett Metcalf without a rebound.
10:21 of 2nd period - Noel Acciari wins face-off versus Clayton Keller in SAN JOSE BRONCOS zone.
10:37 of 2nd period - Shot by Noel Acciari.
10:37 of 2nd period - Shot Hit the Post.
10:39 of 2nd period - Shot by Noel Acciari.
10:39 of 2nd period - Stopped by Garrett Metcalf with a rebound.
10:41 of 2nd period - Shot by Noel Acciari.
10:41 of 2nd period - Shot Misses the Net.
11:15 of 2nd period - Justin Holl is hit by Oliver Bjorkstrand and loses puck.
11:53 of 2nd period - Icing by Brayden Point.
11:54 of 2nd period - Mark Scheifele wins face-off versus Brayden Point in SAN JOSE BRONCOS zone.
11:54 of 2nd period - Mark Scheifele is hit by Ville Ottavainen.
12:02 of 2nd period - Shot by Mark Scheifele.
12:02 of 2nd period - Shot Misses the Net.
12:20 of 2nd period - Shot by Brayden Point.
12:20 of 2nd period - Stopped by Jake Oettinger without a rebound.
12:21 of 2nd period - Ilya Usau wins face-off versus Barclay Goodrow in VICTORIA GLADIATORS zone.
12:28 of 2nd period - Shot by Jake Walman.
12:28 of 2nd period - Stopped by Jake Oettinger without a rebound.
12:29 of 2nd period - Adam Lowry wins face-off versus Ilya Usau in VICTORIA GLADIATORS zone.
13:15 of 2nd period - Shot by Frank Vatrano.
13:15 of 2nd period - Shot Misses the Net.
13:28 of 2nd period - Adam Pelech is hit by Justin Faulk and loses puck.
13:40 of 2nd period - Clayton Keller is hit by Justin Faulk and loses puck.
13:45 of 2nd period - Shot by Clayton Keller.
13:45 of 2nd period - Shot Misses the Net.
14:05 of 2nd period - Shot by Jesper Bratt.
14:05 of 2nd period - Stopped by Jake Oettinger with a rebound.
14:07 of 2nd period - Shot by Oliver Bjorkstrand.
14:07 of 2nd period - Shot Blocked by Ivan Provorov.
14:09 of 2nd period - Shot by Clayton Keller.
14:09 of 2nd period - Shot Misses the Net.
14:11 of 2nd period - Shot by Neal Pionk.
14:11 of 2nd period - Shot Misses the Net.
14:16 of 2nd period - Minor Penalty to Ivan Provorov for Goalie Interference.
14:17 of 2nd period - Noel Acciari wins face-off versus Brayden Point in VICTORIA GLADIATORS zone.
14:30 of 2nd period - Off-side.
14:31 of 2nd period - Brayden Point wins face-off versus Barclay Goodrow in neutral zone.
14:44 of 2nd period - Shot by Cole Caufield.
14:44 of 2nd period - Goal by Cole Caufield - SAN JOSE BRONCOS : 2 - VICTORIA GLADIATORS : 4.
14:45 of 2nd period - Adam Lowry wins face-off versus Clayton Keller in neutral zone.
14:54 of 2nd period - Shot by Frank Vatrano.
14:54 of 2nd period - Stopped by Garrett Metcalf without a rebound.
14:55 of 2nd period - Jesse Puljujarvi wins face-off versus Brad Marchand in SAN JOSE BRONCOS zone.
16:19 of 2nd period - Shot by Frank Vatrano.
16:19 of 2nd period - Shot Misses the Net.
16:33 of 2nd period - Shot by Jesper Bratt.
16:33 of 2nd period - Deflect By Clayton Keller.
16:33 of 2nd period - Shot Misses the Net.
16:35 of 2nd period - Shot by Oliver Bjorkstrand.
16:35 of 2nd period - Shot Misses the Net.
17:09 of 2nd period - Shot by Brett Leason.
17:09 of 2nd period - Stopped by Jake Oettinger without a rebound.
17:10 of 2nd period - Ilya Usau wins face-off versus Jason Zucker in VICTORIA GLADIATORS zone.
18:31 of 2nd period - Shot by Brad Marchand.
18:31 of 2nd period - Shot Misses the Net.
18:33 of 2nd period - Shot by Mark Scheifele.
18:33 of 2nd period - Stopped by Garrett Metcalf with a rebound.
18:35 of 2nd period - Shot by Mark Scheifele.
18:35 of 2nd period - Stopped by Garrett Metcalf with a rebound.
19:50 of 2nd period - Icing by Brandon Montour.
19:51 of 2nd period - Mason Appleton wins face-off versus Brayden Point in VICTORIA GLADIATORS zone.
19:51 of 2nd period - Mason Appleton is hit by Jesse Puljujarvi.
Goals for this period are 1 for SAN JOSE BRONCOS vs 1 for VICTORIA GLADIATORS.
Shots for this period are 7 for SAN JOSE BRONCOS vs 13 for VICTORIA GLADIATORS.

3rd period


0:01 of 3rd period - Adam Lowry wins face-off versus Clayton Keller in neutral zone.
1:08 of 3rd period - Shot by Cole Caufield.
1:08 of 3rd period - Deflect By Brayden Point.
1:08 of 3rd period - Shot Misses the Net.
1:19 of 3rd period - Off-side.
1:20 of 3rd period - Tyson Jost wins face-off versus Mark Scheifele in neutral zone.
1:29 of 3rd period - Shot by Brett Leason.
1:29 of 3rd period - Shot Misses the Net.
1:37 of 3rd period - Brett Leason is hit by Brad Marchand and loses puck.
2:40 of 3rd period - Shot by Noel Acciari.
2:40 of 3rd period - Shot Blocked by Jake Walman.
2:42 of 3rd period - Shot by Noel Acciari.
2:42 of 3rd period - Stopped by Garrett Metcalf with a rebound.
2:46 of 3rd period - Shot by Noel Acciari.
2:46 of 3rd period - Stopped by Garrett Metcalf with a rebound.
3:37 of 3rd period - Clayton Keller is hit by Cole Smith and loses puck.
4:36 of 3rd period - Shot by Brayden Point.
4:36 of 3rd period - Stopped by Jake Oettinger without a rebound.
4:37 of 3rd period - Tyson Jost wins face-off versus Mark Scheifele in VICTORIA GLADIATORS zone.
4:44 of 3rd period - Shot by Jake Walman.
4:44 of 3rd period - Shot Misses the Net.
4:47 of 3rd period - Tyson Jost is hit by Brandon Montour and loses puck.
5:18 of 3rd period - Shot by Clayton Keller.
5:18 of 3rd period - Shot Misses the Net.
5:26 of 3rd period - Jaccob Slavin is hit by Brad Marchand and loses puck.
5:36 of 3rd period - Clayton Keller is hit by Justin Faulk and loses puck.
5:47 of 3rd period - Jesper Bratt is hit by Justin Faulk and loses puck.
5:56 of 3rd period - Clayton Keller is hit by Jason Zucker and loses puck.
6:08 of 3rd period - Icing by Justin Faulk.
6:09 of 3rd period - Brayden Point wins face-off versus Noel Acciari in VICTORIA GLADIATORS zone.
6:20 of 3rd period - Shot by Cole Caufield.
6:20 of 3rd period - Stopped by Jake Oettinger without a rebound.
6:21 of 3rd period - Tyson Jost wins face-off versus Adam Lowry in VICTORIA GLADIATORS zone.
6:38 of 3rd period - Shot by Carl Grundstrom.
6:38 of 3rd period - Shot Blocked by Justin Holl.
6:45 of 3rd period - Minor Penalty to Justin Holl for Holding.
6:46 of 3rd period - Noel Acciari wins face-off versus Brayden Point in VICTORIA GLADIATORS zone.
7:20 of 3rd period - Shot by Jaccob Slavin.
7:20 of 3rd period - Shot Blocked by Noel Acciari.
7:22 of 3rd period - Shot by Neal Pionk.
7:22 of 3rd period - Stopped by Jake Oettinger without a rebound.
7:23 of 3rd period - Clayton Keller wins face-off versus Mason Appleton in VICTORIA GLADIATORS zone.
7:23 of 3rd period - Jesper Bratt is hit by Brandon Montour and loses puck.
7:42 of 3rd period - Shot by Adam Pelech.
7:42 of 3rd period - Shot Misses the Net.
8:19 of 3rd period - Icing by Jaccob Slavin.
8:20 of 3rd period - Noel Acciari wins face-off versus Brayden Point in SAN JOSE BRONCOS zone.
8:27 of 3rd period - Shot by Cole Caufield.
8:27 of 3rd period - Shot Hit the Post.
8:29 of 3rd period - Shot by Cole Caufield.
8:29 of 3rd period - Shot Misses the Net.
8:31 of 3rd period - Shot by Brayden Point.
8:31 of 3rd period - Stopped by Jake Oettinger without a rebound.
8:32 of 3rd period - Brayden Point wins face-off versus Noel Acciari in VICTORIA GLADIATORS zone.
8:32 of 3rd period - Cole Caufield is hit by Brandon Montour and loses puck.
8:40 of 3rd period - Cole Caufield is hit by Tyler Myers and loses puck.
8:49 of 3rd period - Shot by Brayden Point.
8:49 of 3rd period - Goal by Brayden Point - SAN JOSE BRONCOS : 3 - VICTORIA GLADIATORS : 4.
8:50 of 3rd period - Mark Scheifele wins face-off versus Tyson Jost in neutral zone.
9:01 of 3rd period - Tyson Jost is hit by Brad Marchand and loses puck.
9:17 of 3rd period - Shot by Tyson Jost.
9:17 of 3rd period - Shot Misses the Net.
9:23 of 3rd period - Shot by Tyson Jost.
9:23 of 3rd period - Stopped by Jake Oettinger without a rebound.
9:24 of 3rd period - Adam Lowry wins face-off versus Oliver Bjorkstrand in VICTORIA GLADIATORS zone.
9:26 of 3rd period - Icing by Brandon Montour.
9:27 of 3rd period - Adam Lowry wins face-off versus Oliver Bjorkstrand in VICTORIA GLADIATORS zone.
9:32 of 3rd period - Shot by Adam Lowry.
9:32 of 3rd period - Stopped by Garrett Metcalf with a rebound.
9:34 of 3rd period - Shot by Adam Lowry.
9:34 of 3rd period - Shot Misses the Net.
9:56 of 3rd period - Shot by Frank Vatrano.
9:56 of 3rd period - Shot Misses the Net.
10:02 of 3rd period - Shot by Alex Iafallo.
10:02 of 3rd period - Shot Misses the Net.
10:04 of 3rd period - Shot by Brandon Montour.
10:04 of 3rd period - Deflect By Frank Vatrano.
10:04 of 3rd period - Shot Misses the Net.
10:06 of 3rd period - Shot by Adam Lowry.
10:06 of 3rd period - Shot Misses the Net.
10:08 of 3rd period - Shot by Frank Vatrano.
10:08 of 3rd period - Stopped by Garrett Metcalf without a rebound.
10:09 of 3rd period - Brayden Point wins face-off versus Mark Scheifele in SAN JOSE BRONCOS zone.
10:38 of 3rd period - Minor Penalty to Adam Pelech for Slashing.
10:39 of 3rd period - Adam Lowry wins face-off versus Clayton Keller in SAN JOSE BRONCOS zone.
10:56 of 3rd period - Shot by Frank Vatrano.
10:56 of 3rd period - Deflect By Jason Zucker.
10:56 of 3rd period - Shot Blocked by Jaccob Slavin.
10:58 of 3rd period - Shot by Ivan Provorov.
10:58 of 3rd period - Shot Blocked by Neal Pionk.
11:02 of 3rd period - Shot by Frank Vatrano.
11:02 of 3rd period - Stopped by Garrett Metcalf without a rebound.
11:03 of 3rd period - Mark Scheifele wins face-off versus Clayton Keller in SAN JOSE BRONCOS zone.
11:40 of 3rd period - Shot by Mark Scheifele.
11:40 of 3rd period - Stopped by Garrett Metcalf without a rebound.
11:41 of 3rd period - Adam Lowry wins face-off versus Clayton Keller in SAN JOSE BRONCOS zone.
11:46 of 3rd period - Shot by Ivan Provorov.
11:46 of 3rd period - Shot Blocked by Jaccob Slavin.
11:48 of 3rd period - Shot by Jason Zucker.
11:48 of 3rd period - Shot Misses the Net.
12:42 of 3rd period - Shot by Brad Marchand.
12:42 of 3rd period - Shot Misses the Net.
13:06 of 3rd period - Shot by Mark Scheifele.
13:06 of 3rd period - Stopped by Garrett Metcalf without a rebound.
13:07 of 3rd period - Cole Caufield wins face-off versus Mason Appleton in SAN JOSE BRONCOS zone.
13:39 of 3rd period - Shot by Brock McGinn.
13:39 of 3rd period - Shot Blocked by Jaccob Slavin.
13:41 of 3rd period - Shot by Justin Holl.
13:41 of 3rd period - Shot Misses the Net.
13:43 of 3rd period - Shot by Jan Rutta.
13:43 of 3rd period - Stopped by Garrett Metcalf with a rebound.
14:14 of 3rd period - Icing by Justin Holl.
14:15 of 3rd period - Tyson Jost wins face-off versus Mason Appleton in VICTORIA GLADIATORS zone.
14:35 of 3rd period - Minor Penalty to Barclay Goodrow for Roughing.
14:36 of 3rd period - Noel Acciari wins face-off versus Clayton Keller in VICTORIA GLADIATORS zone.
15:08 of 3rd period - Shot by Jesper Bratt.
15:08 of 3rd period - Stopped by Jake Oettinger without a rebound.
15:09 of 3rd period - Noel Acciari wins face-off versus Brayden Point in VICTORIA GLADIATORS zone.
15:34 of 3rd period - Shot by Brayden Point.
15:34 of 3rd period - Shot Hit the Post.
15:38 of 3rd period - Shot by Brayden Point.
15:38 of 3rd period - Shot Misses the Net.
15:42 of 3rd period - Shot by Brayden Point.
15:42 of 3rd period - Shot Misses the Net.
15:44 of 3rd period - Shot by Neal Pionk.
15:44 of 3rd period - Stopped by Jake Oettinger without a rebound.
15:45 of 3rd period - Clayton Keller wins face-off versus Adam Lowry in VICTORIA GLADIATORS zone.
16:35 of 3rd period - Shot by Brayden Point.
16:35 of 3rd period - Stopped by Jake Oettinger without a rebound.
16:36 of 3rd period - Tyson Jost wins face-off versus Mark Scheifele in VICTORIA GLADIATORS zone.
16:36 of 3rd period - Timothy Liljegren is hit by Justin Faulk and loses puck.
16:49 of 3rd period - Shot by David Pastrnak.
16:49 of 3rd period - Deflect By Mark Scheifele.
16:49 of 3rd period - Shot Misses the Net.
16:51 of 3rd period - Shot by Justin Faulk.
16:51 of 3rd period - Shot Misses the Net.
16:53 of 3rd period - Shot by Mark Scheifele.
16:53 of 3rd period - Stopped by Garrett Metcalf without a rebound.
16:54 of 3rd period - Brayden Point wins face-off versus Noel Acciari in SAN JOSE BRONCOS zone.
16:54 of 3rd period - Neal Pionk is hit by Jason Zucker and loses puck.
17:13 of 3rd period - Shot by Barclay Goodrow.
17:13 of 3rd period - Shot Misses the Net.
17:15 of 3rd period - Shot by Noel Acciari.
17:15 of 3rd period - Shot Blocked by Jaccob Slavin.
17:23 of 3rd period - Shot by Jason Zucker.
17:23 of 3rd period - Stopped by Garrett Metcalf without a rebound.
17:24 of 3rd period - Clayton Keller wins face-off versus Mark Scheifele in SAN JOSE BRONCOS zone.
17:24 of 3rd period - Clayton Keller is hit by Brad Marchand.
17:33 of 3rd period - Oliver Bjorkstrand is hit by Justin Faulk and loses puck.
17:45 of 3rd period - Mark Scheifele is hit by Ville Ottavainen and loses puck.
17:57 of 3rd period - Minor Penalty to Ville Ottavainen for Roughing.
17:58 of 3rd period - Adam Lowry wins face-off versus Clayton Keller in SAN JOSE BRONCOS zone.
18:01 of 3rd period - Shot by Frank Vatrano.
18:01 of 3rd period - Stopped by Garrett Metcalf with a rebound.
18:32 of 3rd period - Adam Lowry is hit by Jake Walman and loses puck.
18:35 of 3rd period - Shot by Adam Lowry.
18:35 of 3rd period - Stopped by Garrett Metcalf with a rebound.
18:37 of 3rd period - Shot by Frank Vatrano.
18:37 of 3rd period - Shot Blocked by Jake Walman.
18:39 of 3rd period - Shot by Frank Vatrano.
18:39 of 3rd period - Stopped by Garrett Metcalf with a rebound.
18:57 of 3rd period - Shot by David Pastrnak.
18:57 of 3rd period - Stopped by Garrett Metcalf with a rebound.
19:25 of 3rd period - Shot by David Pastrnak.
19:25 of 3rd period - Stopped by Garrett Metcalf with a rebound.
Goals for this period are 1 for SAN JOSE BRONCOS vs 0 for VICTORIA GLADIATORS.
Shots for this period are 9 for SAN JOSE BRONCOS vs 15 for VICTORIA GLADIATORS.


BLAKE
WHEELER
STEVEN
STAMKOS
DREW
DOUGHTY

EAST COAST

HOCKEY LEAGUE

  • 63.RHI2PIT5
  • 64.WOR4ATL3
  • 65.QUECHW
  • 66.CHATRV